 Dungeon Crawl Stone Soup version 0.29.0-4-gdea44cf6ec (webtiles) character file.

Game seed: 18064428720126144754

315 qw the Chopper (level 6, -8/35 HPs)
             Began as a Tengu Warper on Aug 28, 2022.
             Engulfed by a steam dragon's steam (9 damage)
             ... on level 4 of the Dungeon.
             The game lasted 00:00:23 (4332 turns).

qw the Chopper (Tengu Warper)                       Turns: 4332, Time: 00:00:23

Health: -8/35      AC:  5    Str: 19    XL:     6   Next: 44%
Magic:  10/10      EV:  9    Int: 13    God:
Gold:   18         SH: 13    Dex: 14    Spells: 9/9 levels left

rFire   . . .      SeeInvis .   Y - +0 hand axe (venom)
rCold   . . .      Faith    .   d - +0 tower shield
rNeg    . . .      Spirit   .   f - +0 ring mail
rPois   .          Reflect  .   (helmet restricted)
rElec   .          Harm     .   (no cloak)
rCorr   +          Rampage  .   (no gloves)
Will    .....                   (boots unavailable)
Stlth   +.........              (no amulet)
HPRegen 0.11/turn               e - +6 ring of strength
MPRegen 0.12/turn               b - ring of resist corrosion

@: flying quickly and evasively, quick
A: beak, talons 3, nimble flight
a: no special abilities


You were on level 4 of the Dungeon.
You visited 1 branch of the dungeon, and saw 4 of its levels.

You collected 151 gold pieces.
You spent 133 gold pieces at shops.


Innate Abilities, Weirdness & Mutations

You have a beak for a mouth.
You have claws for feet.
Your magical nature lets you fly swiftly and evasively.


   Skills:
 - Level 2.0 Fighting
 - Level 5.1 Axes
 - Level 1.0 Throwing
 - Level 1.1 Armour
 - Level 2.1 Dodging
 + Level 4.4 Shields
 - Level 2.0 Spellcasting
 - Level 2.4 Translocations


You had 9 spell levels left.
You didn't know any spells.
Your spell library contained the following spells:

 Spells                   Type           Power      Damage    Failure   Level
 Blink                    Tloc           14%        N/A       96%         2
 Gell's Gravitas          Tloc           7%         N/A       99%         3
 Lesser Beckoning         Tloc           7%         N/A       99%         3
 Teleport Other           Tloc           7%         N/A       99%         3
 Manifold Assault         Tloc           7%         N/A       100%        5

Inventory:

Hand Weapons
 n - a +0 eveningstar of draining
 Y - a +0 hand axe of venom (weapon)
Armour
 d - a +0 tower shield (worn)
 f - a +0 ring mail (worn)
 k - a +2 ring mail of poison resistance
 l - a +0 cloak
Jewellery
 b - a ring of resist corrosion (right hand)
 e - a +6 ring of strength (left hand)
Scrolls
 a - a scroll of identify
Potions
 c - a potion of flight {unknown}
 g - a potion of berserk rage {unknown}
 h - a potion of lignification {unknown}
 i - a potion of curing
 j - a potion of haste {unknown}
 m - a potion of magic {unknown}

Dungeon Overview and Level Annotations

Branches:
Dungeon (4/15)
 Temple: D:4-7

Altars:

Shops:
D:4 ?


Message History

You block the ufetubus's attack. x2
A ball python comes into view.
You block the ufetubus's attack.
The ufetubus hits you but does no damage. x3
You slash the ufetubus!
You kill the ufetubus!
You hit the ball python.
You kill the ball python!
l - a +0 cloak An ogre is nearby!
4287 ||| Stepping ~*~*~tactically~*~*~ (stealth).
Found a red potion.
The ogre shouts!
You hit the ogre but do no damage.
The ogre is poisoned.
You claw the ogre.
The ogre is lightly wounded.
The ogre hits you with a +0 giant club!!
Ouch! That really hurt!
You completely miss the ogre.
The ogre is lightly wounded.
You block the ogre's attack.
You barely miss the ogre. You claw the ogre! You peck the ogre.
The ogre is almost dead.
You block the ogre's attack.
You hit the ogre.
You kill the ogre!
Your Shields skill increases to level 4!
You start resting.
A steam dragon comes into view.
4325 ||| Stepping ~*~*~tactically~*~*~ (stealth).
4326 ||| Stepping ~*~*~tactically~*~*~ (stealth).
4327 ||| Stepping ~*~*~tactically~*~*~ (stealth).
You start resting.
A steam dragon is nearby!
The steam dragon hisses angrily.
The steam dragon breathes steam at you. The ball of steam hits you!
You closely miss the steam dragon.
You peck the steam dragon, but do no damage.
You are engulfed in a cloud of scalding steam.
You die...

#. ....... #. ....... #.#
$...... ####..###.......
#.......#.......
........#....... #
!.......#)...... #
........¤¤## #
.........¤D@## #
...........#¤¤### #
..............#.¤¤#
##......##'####.###.#######.
................###.........
#.......... #...............
#.......##.##...##..........
#... ...........##.#........
#)####..##..##..##.......##.


You could see a steam dragon (catching breath).

Vanquished Creatures
  An ogre (D:4)
  A scorpion (D:4)
  3 adders
  4 gnolls (D:4)
  An ufetubus (D:4)
  2 worms (D:2)
  7 dart slugs
  An orc (D:3)
  10 ball pythons
  6 bats
  7 endoplasms
  5 giant cockroaches
  3 goblins
  5 hobgoblins
  4 jackals (D:2)
  13 kobolds
  5 quokkas
  2 frilled lizards
  6 rats
86 creatures vanquished.

Notes
Turn   | Place    | Note
-------+----------+-------------------------------------------
     0 | D:1      | qw the Tengu Warper began the quest for the Orb.
     0 | D:1      | Reached XP level 1. HP: 12/12 MP: 4/4
     0 | D:1      | 0 ||| qw: Version: 0.1-a-89-g26bdef1
     0 | D:1      | 0 ||| qw: Game counter: 2494
     0 | D:1      | 0 ||| qw: Always use a shield: true
     0 | D:1      | 0 ||| qw: God list: Okawaru
     0 | D:1      | 0 ||| qw: Allow faded altars: false
     0 | D:1      | 0 ||| qw: Do Orc after D:15 true
     0 | D:1      | 0 ||| qw: Do second Lair branch before Depths: true
     0 | D:1      | 0 ||| qw: Lair rune preference: random
     0 | D:1      | 0 ||| qw: Plans: Normal
     0 | D:1      | 0 ||| PLANNING D:1-11
   131 | D:1      | Found a faded altar of an unknown god.
   448 | D:1      | Reached skill level 3 in Axes
   448 | D:1      | Reached XP level 2. HP: 17/17 MP: 6/6
   530 | D:1      | 530 ||| Stepping ~*~*~tactically~*~*~ (stealth).
   531 | D:1      | 531 ||| Stepping ~*~*~tactically~*~*~ (stealth).
   536 | D:1      | 536 ||| Stepping ~*~*~tactically~*~*~ (stealth).
   768 | D:1      | 768 ||| Stepping ~*~*~tactically~*~*~ (hiding).
   891 | D:1      | Reached XP level 3. HP: 19/21 MP: 7/7
  1197 | D:1      | Reached skill level 4 in Axes
  1547 | D:1      | 1547 ||| UPGRADING to +0 ring mail.
  1557 | D:1      | 1557 ||| DROPPING +0 leather armour.
  1558 | D:1      | 1558 ||| UPGRADING to +6 ring of strength.
  1559 | D:1      | 1559 ||| READING 3 scrolls labelled WOHACW OCRAN.
  1560 | D:1      | 1560 ||| READING scroll labelled JYNAARPH PAPIPH.
  1561 | D:1      | 1561 ||| READING 2 scrolls of identify.
  1561 | D:1      | 1561 ||| IDENTIFYING bubbling blue potion
  1562 | D:1      | 1562 ||| DROPPING scroll of blinking.
  1887 | D:2      | Reached XP level 4. HP: 21/26 MP: 8/8
  2022 | D:2      | 2022 ||| FLEEEEING.
  2094 | D:2      | 2094 ||| Stepping ~*~*~tactically~*~*~ (stealth).
  2157 | D:2      | 2157 ||| Stepping ~*~*~tactically~*~*~ (hiding).
  2162 | D:2      | 2162 ||| Stepping ~*~*~tactically~*~*~ (hiding).
  2310 | D:2      | 2310 ||| Stepping ~*~*~tactically~*~*~ (hiding).
  2311 | D:2      | 2311 ||| Stepping ~*~*~tactically~*~*~ (hiding).
  2312 | D:2      | 2312 ||| Stepping ~*~*~tactically~*~*~ (hiding).
  2458 | D:2      | Reached skill level 5 in Axes
  2702 | D:2      | 2702 ||| UPGRADING to +0 tower shield.
  2707 | D:2      | 2707 ||| UPGRADING to ring of resist corrosion.
  2992 | D:3      | Reached skill level 1 in Shields
  3054 | D:3      | 3054 ||| Stepping ~*~*~tactically~*~*~ (stealth).
  3060 | D:3      | 3060 ||| Stepping ~*~*~tactically~*~*~ (stealth).
  3129 | D:3      | 3129 ||| FLEEEEING.
  3130 | D:3      | 3130 ||| FLEEEEING.
  3131 | D:3      | 3131 ||| FLEEEEING.
  3132 | D:3      | 3132 ||| FLEEEEING.
  3133 | D:3      | 3133 ||| FLEEEEING.
  3134 | D:3      | 3134 ||| FLEEEEING.
  3135 | D:3      | 3135 ||| FLEEEEING.
  3139 | D:3      | 3139 ||| FLEEEEING.
  3140 | D:3      | 3140 ||| FLEEEEING.
  3141 | D:3      | 3141 ||| FLEEEEING.
  3142 | D:3      | 3142 ||| FLEEEEING.
  3143 | D:3      | 3143 ||| FLEEEEING.
  3148 | D:3      | 3148 ||| STAIRDANCE
  3351 | D:2      | 3351 ||| READING scroll labelled ZAWOTHR XENOF.
  3352 | D:2      | 3352 ||| READING scroll labelled BIFUPS GUSIUTY.
  3441 | D:3      | 3441 ||| DROPPING +0 whip.
  3525 | D:3      | Gained mutation: Your magical nature lets you fly swiftly
                  | and evasively. [Tengu growth]
  3525 | D:3      | Reached XP level 5. HP: 28/30 MP: 9/9
  3642 | D:3      | 3642 ||| DROPPING +0 flail.
  3835 | D:3      | Identified the +7 short sword "Firilitoi" {flame, *Corrode
                  | rPois Will+ Dex+6}
  3836 | D:3      | 3836 ||| DRINKING 2 emerald potions.
  3837 | D:3      | 3837 ||| DROPPING potion of invisibility.
  3888 | D:4      | Reached skill level 3 in Shields
  3984 | D:4      | 3984 ||| Stepping ~*~*~tactically~*~*~ (hiding).
  4004 | D:4      | Reached XP level 6. HP: 12/35 MP: 10/10
  4013 | D:4      | 4013 ||| FLEEEEING.
  4230 | D:4      | Found Qiotifua's Magic Scroll Shop.
  4237 | D:4      | 4237 ||| BUYING scroll of brand weapon (133 gold).
  4237 | D:4      | Bought a scroll of brand weapon for 133 gold pieces
  4237 | D:4      | 4237 ||| SHOPLISTING scroll of enchant armour (105 gold,
                  | have 18).
  4237 | D:4      | 4237 ||| SHOPLISTING scroll of identify (28 gold, have 18).
  4237 | D:4      | 4237 ||| SHOPLISTING scroll of teleportation (42 gold, have
                  | 18).
  4237 | D:4      | 4237 ||| READING scroll of brand weapon.
  4237 | D:4      | 4237 ||| BRANDING +0 hand axe.
  4287 | D:4      | 4287 ||| Stepping ~*~*~tactically~*~*~ (stealth).
  4294 | D:4      | HP: 8/35 [ogre/+0 giant club (27)]
  4324 | D:4      | Noticed a steam dragon
  4325 | D:4      | 4325 ||| Stepping ~*~*~tactically~*~*~ (stealth).
  4326 | D:4      | 4326 ||| Stepping ~*~*~tactically~*~*~ (stealth).
  4327 | D:4      | 4327 ||| Stepping ~*~*~tactically~*~*~ (stealth).
  4330 | D:4      | HP: 1/35 [steam dragon/ball of steam (11)]
  4332 | D:4      | Engulfed by a steam dragon's steam

Levels and vault maps discovered:
D:1:      dpeg_arrival_arbitrary_b, layout_basic,
          shapermc_ecumenical_altar_flowoftime, minmay_surrounded
D:2:      layout_loops_cross, minmay_strange_pillars, kennysheep_small_spiral
D:3:      layout_loops_ring
D:4:      layout_basic, ashenzari_conservatory_becter, serial_shops,
          nicolae_shop_competitors_out_of_business,
          nicolae_shop_i_like_big_books, uniq_pikel, uniq_crazy_yiuf_cottage

Skill      XL: |  1  2  3  4  5  6 |
---------------+-------------------+-----
Axes           | 3 4 5 |  5.1
Shields        | 1 3 4 |  4.4
Fighting       | |  2.0
Throwing       | |  1.0
Armour         | |  1.1
Dodging        | |  2.1
Spellcasting   | |  2.0
Translocations | |  2.4

Action                   |  1- 3 |  4- 6 || total
-------------------------+-------+-------++-------
Melee: Hand axe          |    95 |    95 ||   190
       Peck              |    13 |    19 ||    32
       Kick              |    27 |    20 ||    47
Throw: Boomerang         |     7 |       ||     7
  Use: Scroll            |     3 |     3 ||     6
       Potion            |       |     1 ||     1
Armor: Leather armour    |    10 |       ||    10
       Ring mail         |     6 |    20 ||    26
Dodge: Dodged            |    47 |    37 ||    84
Block: Tower shield      |       |    44 ||    44

Table legend:
 A = Non-vault XP
 B = Vault XP
 C = Vault XP percentage of total XP
 D = Non-vault monster count
 E = Vault monster count
 F = Vault count percentage of total count
                 A         B        C        D         E       F
            +---------+---------+-------+---------+---------+-------
      Total |     445 |       6 |   1.3 |      83 |       3 |   3.5
            +---------+---------+-------+---------+---------+-------
        D:1 |      43 |       6 |  12.2 |      25 |       3 |  10.7
        D:2 |      76 |       0 |   0.0 |      28 |       0 |   0.0
        D:3 |      60 |       0 |   0.0 |      18 |       0 |   0.0
        D:4 |     266 |       0 |   0.0 |      12 |       0 |   0.0
            +---------+---------+-------+---------+---------+-------
